 Dungeon Crawl Stone Soup version 0.31.0-32-g396128a36d (webtiles) character file.

Game seed: 8234548831473710595

85718 wingedge the Geomancer (level 15, -37/126 HPs)
             Began as a Demigod Earth Elementalist on Mar 13, 2024.
             Annihilated by an ettin
             ... wielding a +2 heavy dire flail
              (39 damage)
             ... on level 2 of the Orcish Mines on Mar 14, 2024.
             The game lasted 01:48:21 (34658 turns).

wingedge the Geomancer (DgEE)                      Turns: 34658, Time: 01:48:21

Health: -37/126    AC: 13    Str: 21    XL:     15   Next: 0%
Magic:  8/34       EV: 13    Int: 27    God:
Gold:   1193       SH:  5    Dex: 20    Spells: 3/35 levels left

rFire   + + .        a - +8 halberd (flame)
rCold   . . .        (shield currently unavailable)
rNeg    + . .        k - +3 ring mail {Will+}
rPois   +            i - +0 helmet
rElec   .            C - +0 cloak
rCorr   .            x - +0 pair of gloves
SInv    .            (no boots)
Will    ++...        K - amulet of reflection
Stlth   ++           f - ring of Vykhemaf {rN+ Str+4 Int-2 Slay+3 Stlth+}
HPRegen 0.41/turn    R - ring "Isetzius" {Fly rPois rF++ Dex+6 Stlth-}
MPRegen 0.24/turn

%: reflection
@: fugue, animating dead, flying
A: high MP 1, forlorn, divine attributes
a: no special abilities


You were on level 2 of the Orcish Mines.
You visited 3 branches of the dungeon, and saw 19 of its levels.
You also visited: Sewer.

You collected 2638 gold pieces.
You spent 1445 gold pieces at shops.

Inventory:

Hand Weapons
 a - a +8 halberd of flaming (weapon)
Missiles
 s - a throwing net
 P - 10 curare-tipped darts
Armour
 i - a +0 helmet (worn)
 k - a +3 ring mail of willpower (worn)
 x - a +0 pair of gloves (worn)
 y - an orb of light
 B - a +2 ring mail of fire resistance
 C - a +0 cloak (worn)
 G - +0 acid dragon scales
 J - a +0 scale mail of positive energy
 Q - the +0 ring mail "Tar Qupp" {-Tele rElec rC+ Regen+}
   (You found it on level 10 of the Dungeon)

   rC+:       It protects you from cold.
   rElec:     It insulates you from electricity.
   -Tele:     It prevents most forms of teleportation.
   Regen+:    It increases your rate of health regeneration.
 U - a +0 scale mail of poison resistance
 W - a +0 buckler
Magical Staves
 b - a staff of earth
 p - a staff of alchemy
 L - a staff of death
Jewellery
 c - a ring of protection from cold
 f - the ring of Vykhemaf (left hand) {rN+ Str+4 Int-2 Slay+3 Stlth+}
   (You found it on level 5 of the Dungeon)

   [ring of positive energy]

   Str+4:     It affects your strength (+4).
   Int-2:     It affects your intelligence (-2).
   Slay+3:    It affects your accuracy & damage with ranged weapons and melee
   (+3).
   rN+:       It protects you from negative energy.
   Stlth+:    It makes you more stealthy.
 q - a ring of wizardry
 K - an amulet of reflection (around neck)
 R - the ring "Isetzius" (right hand) {Fly rPois rF++ Dex+6 Stlth-}
   (You found it on level 1 of the Lair of Beasts)

   [ring of dexterity]

   Dex+6:     It affects your dexterity (+6).
   rF++:      It greatly protects you from fire.
   rPois:     It protects you from poison Fly: It grants you flight.
   Stlth-:    It makes you less stealthy.
Wands
 r - a wand of quicksilver (18)
 A - a wand of roots (5)
 H - a wand of polymorph (12)
 I - a wand of charming (6)
 V - a wand of mindburst (4)
Scrolls
 g - 7 scrolls of teleportation
 h - 3 scrolls of revelation
 m - 3 scrolls of fear
 v - 3 scrolls of vulnerability
 w - 8 scrolls of fog
 D - a scroll of enchant armour
 E - 7 scrolls of amnesia
 M - a scroll of blinking
 N - a scroll of poison
Potions
 d - 3 potions of cancellation {unknown}
 e - 2 potions of brilliance
 j - 6 potions of enlightenment
 l - a potion of mutation {unknown}
 n - 2 potions of magic
 o - 12 potions of curing
 t - 3 potions of haste
 u - 3 potions of might {unknown}
 z - 3 potions of attraction {unknown}
 F - 3 potions of lignification {unknown}
Miscellaneous
 O - a condenser vane


   Skills:
 + Level 10.1 Fighting
 + Level 9.5 Polearms
 + Level 5.9 Armour
 + Level 3.6 Dodging
 + Level 2.9 Stealth
 + Level 10.8 Spellcasting
 + Level 9.6 Conjurations
 + Level 6.4 Necromancy
 - Level 11.0 Earth Magic
 + Level 7.3 Alchemy
 - Level 2.0 Evocations


You had 3 spell levels left.
You knew the following spells:

 Your Spells              Type           Power      Damage    Failure   Level
a - Sandblast             Erth           100%       2d20      1%          1
b - Stone Arrow           Conj/Erth      100%       3d13      1%          3
c - Lee's Rapid Deconstr  Erth           32%        3d17*     1%          5
d - Irradiate             Conj/Alch      28%        3d21      5%          5
e - Animate Dead          Necr           49%        N/A       4%          4
f - Fugue of the Fallen   Necr           49%        N/A       1%          3
g - Borgnjor's Vile Clut  Necr/Erth      28%        N/A       4%          5
h - Dispel Undead         Necr           49%        3d18      4%          4
i - Sublimation of Blood  Necr           49%        N/A       1%          2

Your spell library contained the following spells:

 Spells                   Type           Power      Damage    Failure   Level
 Kiss of Death            Conj/Necr      100%       2d13      1%          1
 Passwall                 Erth           65%        N/A       1%          3
 Hailstorm                Conj/Ice       40%        3d9       2%          3
 Freeze                   Ice            56%        1d7       6%          1
 Summon Small Mammal      Summ           56%        N/A       6%          1
 Ensorcelled Hibernation  Hex/Ice        28%        N/A       10%         2
 Scorch                   Fire           28%        2d6       10%         2
 Call Canine Familiar     Summ           14%        N/A       19%         3
 Confusing Touch          Hex            14%        N/A       19%         3
 Frozen Ramparts          Ice            28%        1d5       19%         3
 Summon Ice Beast         Ice/Summ       14%        N/A       19%         3
 Swiftness                Air            14%        N/A       19%         3
 Brom's Barrelling Bould  Conj/Erth      63%        2d8       1%          4
 Petrify                  Alch/Erth      59%        N/A       1%          4
 Animate Armour           Summ/Erth      88%        N/A       6%          4
 Flame Wave               Conj/Fire      40%        2d11      9%          4
 Anguish                  Hex/Necr       15%        N/A       16%         4
 Summon Blazeheart Golem  Fire/Summ      14%        N/A       52%         4
 Summon Lightning Spire   Summ/Air       14%        N/A       52%         4
 Death Channel            Necr           24%        N/A       56%         6
 Summon Mana Viper        Hex/Summ       14%        N/A       86%         5
 Summon Cactus Giant      Summ           7%         N/A       100%        6
 Haunt                    Necr/Summ      15%        N/A       100%        7
 Monstrous Menagerie      Summ           7%         N/A       100%        7
 Infestation              Necr           24%        N/A       100%        8


Dungeon Overview and Level Annotations

Branches:
Dungeon (12/15)            Temple (0/1) D:6            Lair (5/5) D:10
  Swamp (0/4) Lair:3        Snake (0/4) Lair:3        Slime (0/5) Lair:5
    Orc (2/2) D:12            Elf (0/3) Orc:2         Sewer (visited)

Shops:
D:1 :!   D:6 :   Orc:2 (

Annotations:
D:4 LRD + Clutch next
D:6 subl + irradiate (conj/alch)
Lair:1 plan: irradiate + sublimation -> Conj spls, textbook of Conj


Innate Abilities, Weirdness & Mutations

You have an increased reservoir of magic. (+10% MP)
You shall have no god before yourself.
Your divine heritage dramatically boosts your attributes as you level up.


Message History

The zombie hands constrict the two-headed ogre! x2
The zombie hands lose their grip on the two-headed ogre.
The ogre mage hits your troll zombie with a +2 spear of freezing!
The ogre hits your cyclops zombie with a +0 giant spiked club.
The troll closely misses you. The troll completely misses you.
The troll claws you but does no damage.
The two-headed ogre hits your troll zombie with a +0 giant spiked club!!
The two-headed ogre hits your troll zombie with a +0 giant club!
Your troll zombie is destroyed!
The two-headed ogre hits your cyclops zombie with a +0 giant club!!
The two-headed ogre hits your cyclops zombie with a +0 dire flail.
Your ogre zombie misses the troll.
Your ogre zombie hits the troll!
The troll dies!
The dead are walking!
The two-headed ogre shouts in stereo!
You slice the ettin!! You burn the ettin!
The ettin is heavily wounded.
The zombie hands constrict the two-headed ogre!
You kill the two-headed ogre!
The dead are walking!
The ogre hits your cyclops zombie with a +0 giant club!
The ettin hits you with a +2 heavy dire flail!!
* * * LOW HITPOINT WARNING * * *
You block the ettin's attack.
The ogre hits your cyclops zombie with a +0 giant spiked club!!
Your cyclops zombie hits the two-headed ogre!!
The two-headed ogre hits your cyclops zombie with a +0 giant club!!
Your cyclops zombie is destroyed!
You have reached level 15!
Your experience leads to a dramatic increase in your attributes!
Your base attributes are Str 13, Int 29, Dex 14.
Increase (S)trength, (I)ntelligence, or (D)exterity?
You feel stronger. x4
You puncture the ettin! You burn the ettin.
The ettin is severely wounded.
The wailing of tortured souls fills the air!
The ettin hits you with a +2 heavy dire flail!!
* * * LOW HITPOINT WARNING * * *
The ettin hits you with a +2 great mace of draining!!!
You die...

..>....##......### ..
............#.##.# ...
.................#+##...
............#..#......#
........#..##..........
#....#....####.#....#.
...........# ##....##
...........# ##Z)###
............. #@)Z.#
.^.#.......... ##CZZ.#
..........#... O#....#
.#........ (.#....


OOO.... )...#.. ..Z.... .∩.... You could see an ettin (ally target), 2
two-headed ogres, 2 ogres, 2 friendly ogre zombies, 2 friendly two-headed ogre
zombies and a friendly troll zombie.

Vanquished Creatures
  The ghost of bairyn the Fighter, a journeyman OnFE of Sif Muna (D:12)
  3 dire elephants (Lair:5)
  2 merfolk impalers (D:12)
  Josephine (D:12)
  2 hydras
  An ogre mage (Orc:2)
  A catoblepas (Lair:1)
  5 death yaks (Lair:5)
  4 boulder beetles
  9 two-headed ogres
  2 tengu warriors (D:12)
  Sonja (Orc:1)
  An orc high priest (Orc:1)
  4 soul eaters (D:11)
  A skyshark (Lair:3)
  A spectral death yak (Lair:5)
  A goliath frog (Lair:3)
  A spectral anaconda (Lair:5)
  An obsidian statue (Lair:5)
  2 orc knights
  Pikel (D:8)
  2 lindwurms (Lair:4)
  A deep elf pyromancer (D:12)
  3 necromancers (Lair:5)
  2 ugly things
  An orc sorcerer (Orc:1)
  3 cyclopes
  6 black mambas
  19 elephants
  A dire elephant zombie (Lair:5)
  11 cane toads
  A torpor snail (Lair:4)
  2 unseen horrors (D:12)
  A dire elephant skeleton (Lair:5)
  5 rime drakes
  7 komodo dragons
  Psyche (D:8)
  2 kobold demonologists
  An ice devil (D:11)
  10 trolls
  2 polar bears
  A raiju (shapeshifter) (D:10)
  The ghost of GigaNiga123 the Conjurer, an amateur GnWn of Hepliaklqana (D:5)
  23 blink frogs
  4 dream sheep (Lair:4)
  4 spectral elephants (Lair:5)
  A centaur simulacrum (D:10)
  7 slime creatures (D:12)
  67 yaks
  Sigmund (D:3)
  7 wyverns
  4 basilisks
  5 wraiths
  5 wargs (Orc:1)
  2 steam dragons
  Eustachio (D:5)
  3 vampire mosquitoes
  4 death yak simulacra (Lair:5)
  2 nagas (Lair:3)
  A spectral cane toad (Lair:5)
  Edmund (D:5)
  3 acid dragons
  7 water moccasins
  A swamp drake (Lair:3)
  2 black bears
  An elephant zombie (Lair:5)
  6 ice beasts
  10 orc warriors
  2 crocodiles (Sewer)
  21 wolves
  3 centaurs
  11 ogres
  4 lemures (D:8)
  An elephant skeleton (Lair:5)
  2 phantoms (D:6)
  6 kobold brigands
  2 gnoll sergeants
  14 bullfrogs
  2 scorpions
  A wyvern zombie (D:5)
  12 wights
  4 killer bees
  3 electric eels (Lair:1)
  3 howler monkeys
  5 quasits
  A gnoll bouda (D:5)
  A bombardier beetle (D:5)
  5 hounds
  4 jellies
  A bullfrog skeleton (D:5)
  4 iguanas
  8 orc priests
  Crazy Yiuf (D:5)
  A sleepcap (D:7)
  Ijyb (D:4)
  23 orc wizards
  A sickly merfolk siren (Sewer)
  A malarious merfolk avatar (Sewer)
  A killer bee zombie (D:5)
  12 gnolls
  10 adders
  2 river rats (Sewer)
  3 shadow imps
  2 white imps
  5 ribbon worms
  A dart slug (D:4)
  66 orcs
  13 ball pythons
  5 bats
  10 endoplasms
  4 giant cockroaches
  7 goblins
  8 hobgoblins
  A jackal (D:5)
  8 quokkas
  6 frilled lizards
  19 kobolds
  20 rats
651 creatures vanquished.

Vanquished Creatures (collateral kills)
  A two-headed ogre (Orc:2)
  2 deep trolls (Orc:2)
  A troll (Orc:2)
  5 ogres
  An orc wizard (Orc:1)
  4 orcs (Orc:1)
14 creatures vanquished.

Vanquished Creatures (others)
  Nessos (Lair:4)
  2 deep troll zombies (Orc:2)
  2 two-headed ogre zombies (Orc:2)
  A cyclops zombie (Orc:2)
  5 troll zombies
  9 ogre zombies (Orc:2)
  7 orc zombies (Orc:1)
27 creatures vanquished.

Grand Total: 692 creatures vanquished

Notes
Turn   | Place    | Note
-------+----------+-------------------------------------------
     0 | D:1      | wingedge the Demigod Earth Elementalist began the quest for
                  | the Orb.
     0 | D:1      | Reached XP level 1. HP: 14/14 MP: 5/5
    47 | D:1      | Reached skill level 3 in Earth Magic
   153 | D:1      | Reached XP level 2. HP: 20/20 MP: 4/7
   659 | D:1      | Found Hojen's Book Shop.
   943 | D:1      | Found Pyfaal's Distillery.
  1159 | D:2      | Reached XP level 3. HP: 26/26 MP: 6/8
  1187 | D:2      | Learned a level 3 spell: Stone Arrow
  1251 | D:2      | Reached skill level 1 in Conjurations
  1251 | D:2      | Reached skill level 4 in Earth Magic
  1702 | D:2      | Reached XP level 4. HP: 20/33 MP: 3/10
  2381 | D:3      | Noticed Sigmund
  2386 | D:3      | Killed Sigmund
  2387 | D:3      | Reached skill level 1 in Armour
  2387 | D:3      | Reached XP level 5. HP: 29/38 MP: 6/13
  2478 | D:3      | Found a glowing drain.
  2526 | Sewer    | Entered a sewer
  2628 | Sewer    | Noticed a crocodile
  2636 | Sewer    | Killed a crocodile
  2637 | Sewer    | Reached XP level 6. HP: 33/45 MP: 10/14
  3374 | D:1      | Bought a potion of magic for 88 gold pieces
  3374 | D:1      | Bought 2 potions of curing for 66 gold pieces
  3727 | D:3      | Reached XP level 7. HP: 50/50 MP: 2/16
  4376 | D:1      | Bought a potion of heal wounds for 55 gold pieces
  4575 | D:4      | Noticed Ijyb
  4577 | D:4      | Killed Ijyb
  5155 | D:4      | Reached skill level 1 in Polearms
  5305 | D:4      | Reached skill level 1 in Evocations
  5825 | D:5      | Entered Level 5 of the Dungeon
  5943 | D:5      | Identified the ring of Vykhemaf {rN+ Str+4 Int-2 Slay+3
                  | Stlth+}
  6121 | D:5      | Reached skill level 5 in Earth Magic
  6377 | D:5      | Noticed Eustachio
  6379 | D:5      | Killed Eustachio
  6380 | D:5      | Reached XP level 8. HP: 57/57 MP: 11/18
  6486 | D:5      | Noticed Edmund
  6495 | D:5      | Killed Edmund
  6688 | D:5      | Found a runed translucent door.
  6689 | D:5      | Noticed Crazy Yiuf
  6706 | D:5      | Killed Crazy Yiuf
  6851 | D:5      | Found a runed translucent gate.
  6852 | D:5      | Found a runed translucent gate.
  6852 | D:5      | Found a runed translucent gate.
  6857 | D:5      | Noticed GigaNiga123's ghost (amateur GnWn)
  7060 | D:5      | Reached skill level 5 in Spellcasting
  7132 | D:5      | Reached skill level 5 in Conjurations
  7657 | D:5      | Killed GigaNiga123's ghost
  7902 | D:6      | Reached skill level 6 in Earth Magic
  8048 | D:6      | Found Baishreri's Book Shop.
  8230 | D:6      | Reached skill level 1 in Fighting
  8230 | D:6      | Reached XP level 9. HP: 64/64 MP: 16/20
  8473 | D:6      | Found a staircase to the Ecumenical Temple.
  9423 | D:7      | Noticed a boulder beetle
  9438 | D:7      | Killed a boulder beetle
 10488 | D:8      | Reached XP level 10. HP: 59/80 MP: 16/22
 10761 | D:8      | Noticed Pikel
 10870 | D:8      | Killed Pikel
 10871 | D:8      | Reached skill level 7 in Earth Magic
 11112 | D:8      | Noticed a two-headed ogre
 11115 | D:8      | Killed a two-headed ogre
 11116 | D:8      | Reached skill level 5 in Fighting
 11301 | D:8      | Noticed Psyche
 11359 | D:8      | Noticed a two-headed ogre
 11362 | D:8      | Killed a two-headed ogre
 11495 | D:8      | Killed Psyche
 11702 | D:1      | Bought a book of Iron for 384 gold pieces
 11708 | D:1      | Learned a level 5 spell: Lee's Rapid Deconstruction
 12000 | D:8      | Reached skill level 5 in Polearms
 13070 | D:9      | You fall into a shaft and drop 3 floors!
 13109 | D:11     | Noticed a soul eater
 13109 | D:11     | Noticed a soul eater
 13109 | D:11     | Noticed a soul eater
 13296 | D:10     | Entered Level 10 of the Dungeon
 13351 | D:10     | Found a staircase to the Lair.
 13357 | D:10     | Reached skill level 8 in Earth Magic
 13777 | D:10     | Reached XP level 11. HP: 81/89 MP: 18/26
 15583 | D:10     | Identified the +0 ring mail "Tar Qupp" {-Tele rElec rC+
                  | Regen+}
 16425 | Lair:1   | Entered Level 1 of the Lair of Beasts
 16449 | Lair:1   | Reached skill level 9 in Earth Magic
 16466 | Lair:1   | Noticed a catoblepas
 17404 | Lair:1   | Identified the ring "Isetzius" {Fly rPois rF++ Dex+6
                  | Stlth-}
 17637 | Lair:1   | Killed a catoblepas
 17720 | Lair:1   | Noticed a boulder beetle
 17966 | Lair:1   | Reached XP level 12. HP: 101/101 MP: 15/28
 18015 | Lair:1   | Killed a boulder beetle
 18347 | Lair:1   | Reached skill level 5 in Armour
 19237 | Lair:2   | Reached skill level 10 in Earth Magic
 20944 | D:6      | Bought a book of Transmutation for 420 gold pieces
 21699 | Lair:3   | Noticed a six-headed hydra
 21708 | Lair:3   | Killed a three-headed hydra
 21741 | Lair:3   | Reached skill level 1 in Alchemy
 21748 | Lair:3   | Reached skill level 1 in Necromancy
 22417 | Lair:3   | Found a staircase to the Swamp.
 22646 | Lair:3   | Learned a level 5 spell: Irradiate
 22649 | Lair:3   | Learned a level 2 spell: Sublimation of Blood
 22660 | Lair:3   | Found a staircase to the Snake Pit.
 22909 | Lair:3   | Reached XP level 13. HP: 52/111 MP: 1/30
 24271 | Lair:4   | Reached skill level 11 in Earth Magic
 24272 | Lair:4   | Noticed Nessos
 24280 | Lair:4   | Killed Nessos
 24860 | Lair:5   | Entered Level 5 of the Lair of Beasts
 25524 | Lair:5   | Found a staircase to the Slime Pits.
 25979 | Lair:5   | Reached skill level 5 in Alchemy
 26977 | Lair:5   | Reached skill level 10 in Fighting
 27447 | Lair:5   | Noticed a dire elephant
 27447 | Lair:5   | Noticed a dire elephant
 27447 | Lair:5   | Noticed a dire elephant
 27525 | Lair:5   | Reached skill level 10 in Spellcasting
 28363 | Lair:5   | Reached XP level 14. HP: 63/121 MP: 3/32
 29206 | Lair:5   | Reached skill level 5 in Necromancy
 30463 | D:11     | Learned a level 3 spell: Fugue of the Fallen
 31210 | D:12     | Identified 2 scrolls of acquirement
 31210 | D:12     | Acquired a book of Death
 31217 | D:12     | Learned a level 4 spell: Animate Dead
 31217 | D:12     | Acquired 631 gold pieces
 31452 | D:1      | Bought a book of Unlife for 432 gold pieces
 31458 | D:1      | Learned a level 5 spell: Borgnjor's Vile Clutch
 31811 | D:12     | Found a staircase to the Orcish Mines.
 32156 | D:12     | Found a runed translucent gate.
 32156 | D:12     | Found a runed translucent gate.
 32156 | D:12     | Found a runed translucent gate.
 32342 | D:12     | Noticed Josephine
 32349 | D:12     | Killed Josephine
 32476 | D:12     | Noticed bairyn's ghost (journeyman OnFE)
 32804 | D:12     | Killed bairyn's ghost
 33259 | D:12     | Learned a level 4 spell: Dispel Undead
 33739 | Orc:1    | Entered Level 1 of the Orcish Mines
 33740 | Orc:1    | Noticed Sonja
 33756 | Orc:1    | Killed Sonja
 34564 | Orc:2    | Entered Level 2 of the Orcish Mines
 34582 | Orc:2    | Found a staircase to the Elven Halls.
 34642 | Orc:2    | Found Liosip's Antique Weapon Shop.
 34658 | Orc:2    | Reached XP level 15. HP: 36/126 MP: 8/34
 34658 | Orc:2    | HP: 2/126 [ettin/+2 heavy dire flail (34)]
 34658 | Orc:2    | Annihilated by an ettin

Illustrated notes

Levels and vault maps discovered:
D:1:      lemuel_arrival_tunnels, layout_loops_ring, serial_shops,
          nicolae_shop_real_fake_doors, shop, serial_aquarium,
          aquarium_bridge_square [aquarium_subvault_bridge,
          aquarium_subvault_bridge, aquarium_subvault_bridge,
          aquarium_subvault_wall], aquarium_window_1, aquarium_window_3,
          aquarium_window_2, aquarium_view_2d
D:2:      layout_basic, basic_altar
D:3:      layout_loops_cross, cheibrodos_ashenzari_chains,
          overflow_temple_1_default, mainiacjoe_sewer_entry_somewhere_in_here_1,
          uniq_sigmund
D:4:      layout_loops_ring, nicolae_ru_awakened_eye, uniq_ijyb
D:5:      minmay_opposing_rooms, layout_cave_pools, gammafunk_ghost_necromancy,
          uniq_edmund, uniq_eustachio, uniq_crazy_yiuf_cottage
D:6:      layout_loops_ring, bloody_trog, minmay_temple_entry_nine_rooms,
          serial_shops, shop, minmay_misc_feat_nine_boxes
D:7:      layout_cave_pools, serial_park, serial_park_square2,
          serial_park_tiny_2, serial_park_tiny_pond, serial_park_tiny_1,
          serial_park_tiny_pond, kennysheep_generic_room_2
D:8:      layout_gridville, nicolae_dithmenos_the_darkroom, uniq_pikel,
          uniq_psyche
D:9:      layout_stronghold
D:10:     layout_long_grid, hellmonk_lair_entry_icy, minivault_5,
          minmay_fractal_squares_gapless_7
D:11:     minmay_inner_zag, layout_basic, serial_demonic, serial_demonic_b,
          serial_demonic_a, serial_demonic_c, serial_demonic_a,
          nicolae_the_louvre
D:12:     layout_roguey, orc_david_3, gammafunk_ghost_fury_of_okawaru,
          uniq_josephine
Lair:1:   layout_layer_cave, guppyfry_lair_drakes, serial_bayou_shore_a,
          lemuel_fruit_fields
Lair:2:   layout_regular_city, chequers_serial_rivers_micro_a,
          nicolae_lair_grove_arrangements
Lair:3:   layout_chaotic_city, mainiacjoe_swamp_entry_lozenge_pond,
          guppyfry_snake_entry_garden
Lair:4:   layout_misc_corridors, nicolae_lair_lindhole, uniq_nessos
Lair:5:   due_jungle_book, layout_regular_city, slime_entry_2
Orc:1:    cheibrodos_orc_guarddog, layout_caves, basic_altar, uniq_sonja
Orc:2:    st_orc_open, layout_caves, serial_shops, shop,
          nicolae_shop_hallway_plus, nicolae_diamond_shop,
          ebering_ghost_reflecting_pool, regret_index_minedec_shroomtown_chain

Skill      XL: |  1  2  3  4  5  6  7  8  9 10 11 12 13 14 |
---------------+-------------------------------------------+-----
Earth Magic    | 3 4 5 6 8 9 10 11 | 11.0
Conjurations   | 1 2 3 4 6 7 8 9 |  9.6
Spellcasting   | 2 3 4 5 7 8 9 10 | 10.8
Armour         | 1 2 3 4 5 |  5.9
Dodging        | 2 3 |  3.6
Stealth        | 2 |  2.9
Polearms       | 2 3 5 7 8 9 |  9.5
Evocations     | 1 2 |  2.0
Fighting       | 1 4 6 7 9 10 | 10.1
Alchemy        | 2 5 7 |  7.3
Necromancy     | 2 4 6 |  6.4

Action                     |  1- 3 |  4- 6 |  7- 9 | 10-12 | 13-15 || total
---------------------------+-------+-------+-------+-------+-------++-------
  Melee: Halberd           |       |     3 |    25 |   106 |   351 ||   485
         Staff             |       |       |       |    25 |     2 ||    27
         Punch             |       |       |       |     1 |       ||     1
  Throw: Throwing net      |       |       |       |     1 |       ||     1
         Dart              |       |       |       |     2 |       ||     2
   Cast: Sandblast         |    49 |    78 |    37 |    13 |       ||   177
         Stone Arrow       |       |    20 |   165 |   309 |   128 ||   622
         Lee's Rapid Decon |       |       |       |    55 |   144 ||   199
         Sublimation of Bl |       |       |       |       |     1 ||     1
         Borgnjor's Vile C |       |       |       |       |    33 ||    33
         Fugue of the Fall |       |       |       |       |     6 ||     6
         Irradiate         |       |       |       |       |     5 ||     5
         Animate Dead      |       |       |       |       |     2 ||     2
  Evoke: Wand              |       |       |     3 |     4 |       ||     7
    Use: Potion            |       |     4 |       |       |     2 ||     6
         Scroll            |       |     3 |     4 |    16 |    11 ||    34
   Stab: Distracted        |       |       |       |     1 |     1 ||     2
         Sleeping          |       |       |       |       |     4 ||     4
 Armour: Robe              |     5 |    11 |       |       |       ||    16
         Ring mail         |       |     1 |    91 |   249 |   337 ||   678
  Dodge: Dodged            |     9 |    21 |    78 |   118 |   173 ||   399
  Block: Other             |       |       |       |    51 |    75 ||   126
         Reflection        |       |       |       |     4 |     2 ||     6
